 Dungeon Crawl Stone Soup version 0.29.1-1-gd02db6906a (webtiles) character file.

Game seed: 12781716049720540240

13 croobank the Caller (level 2, 0/11 HPs)
             Began as a Felid Summoner on Sept 17, 2022.
             Slain by a jackal (3 damage)
             ... on level 1 of the Dungeon.
             The game lasted 00:02:33 (873 turns).

croobank the Caller (Felid Summoner)                 Turns: 873, Time: 00:02:34

Health: 0/11       AC:  1    Str:  4    XL:     2   Next: 24%
Magic:  0/6        EV: 17    Int: 16    God:
Gold:   14         SH:  0    Dex: 16    Spells: 4/5 levels left
                                        Lives:  0   Deaths: 0

rFire   . . .      SeeInvis +   (weapon unavailable)
rCold   . . .      Faith    .   (shield unavailable)
rNeg    . . .      Spirit   .   (body armour unavailable)
rPois   .          Reflect  .   (helmet unavailable)
rElec   .          Harm     .   (cloak unavailable)
rCorr   .          Rampage  .   (gloves unavailable)
Will    .....                   (boots unavailable)
Stlth   ++........              (no amulet)
HPRegen 0.03/turn               (no ring)
MPRegen 0.10/turn               (no ring)

@: very slightly contaminated, quick
A: very small, claws 1, fangs 3, see invisible, speed 1, shaggy fur 1, stealthy
paws, no weapons or thrown items, no armour, multi-lived
a: no special abilities


You were on level 1 of the Dungeon.
You visited 1 branch of the dungeon, and saw 1 of its levels.

You collected 14 gold pieces.

Inventory:

Scrolls
 b - a scroll of poison {unknown}
 d - a scroll of enchant armour {unknown}
Potions
 a - a potion of magic
 c - a potion of mutation {unknown}


   Skills:
 + Level 3.1 Dodging
 + Level 3.1 Stealth
 + Level 2.2 Spellcasting
 + Level 4.1 Summonings


You had 4 spell levels left.
You knew the following spells:

 Your Spells              Type           Power      Damage    Failure   Level
a - Summon Small Mammal   Summ           60%        N/A       3%          1

Your spell library contained the following spells:

 Spells                   Type           Power      Damage    Failure   Level
 Call Imp                 Summ           15%        N/A       5%          2
 Call Canine Familiar     Summ           15%        N/A       11%         3
 Summon Guardian Golem    Hex/Summ       8%         N/A       26%         3
 Summon Lightning Spire   Summ/Air       8%         N/A       65%         4


Dungeon Overview and Level Annotations

Branches:
Dungeon (1/15)

Altars:


Innate Abilities, Weirdness & Mutations

You have sharp claws.
You have razor-sharp teeth.
You have supernaturally acute eyesight. (SInv)
You cover ground quickly. (Speed+)
You are covered in fur. (AC +1)
Your paws help you pounce on unaware monsters.
You are incapable of wielding weapons or throwing items.
You cannot wear armour.
You gain extra lives every three experience levels.


Message History

Your quokka completely misses the jackal.
The jackal misses your quokka.
Your quokka closely misses the jackal.
The jackal bites your quokka.
Your quokka completely misses the jackal.
The jackal barely misses your quokka.
Your quokka bites the jackal.
The jackal dies!
Your quokka bites the jackal.
The jackal barely misses your quokka.
Your quokka bites the jackal.
The jackal bites your quokka but does no damage.
The jackal bites your quokka.
Your quokka misses the jackal.
Casting: Summon Small Mammal (safe; 3% risk of failure)
Confirm with . or Enter, or press ? or * to list all spells.
Your bat disappears in a puff of smoke!
The jackal closely misses your quokka.
Your quokka bites the jackal but does no damage.
The jackal barely misses your quokka.
Your quokka bites the jackal but does no damage.
The jackal closely misses your quokka.
Your quokka bites the jackal but does no damage.
The jackal bites your quokka.
Your quokka dies!
Your quokka's corpse disappears in a puff of smoke!
The jackal bites your rat but does no damage.
Your rat closely misses the jackal.
The jackal bites your rat. The jackal closely misses your rat.
Your rat misses the jackal. The jackal bites your rat.
Your rat dies!
Your rat's corpse disappears in a puff of smoke!
Casting: Summon Small Mammal (safe; 3% risk of failure)
Confirm with . or Enter, or press ? or * to list all spells.
Casting: Summon Small Mammal (safe; 3% risk of failure)
Confirm with . or Enter, or press ? or * to list all spells.
You miscast Summon Small Mammal.
You are very lightly contaminated with residual magic.
Nothing appears to happen.
The jackal bites you.
* * * LOW HITPOINT WARNING * * *
The jackal attacks as you move away! The jackal bites you.
You die...

..~~≈≈≈≈≈≈≈≈≈≈≈≈≈≈≈≈≈≈≈≈~...#####
..~~~~~~≈~≈~~≈~≈≈≈~≈~≈~~~...#####
#.........[...............###....
#.....................)...# #.###
###....#..........######### #.#
..##...#.########.# #####.###
.........# ##.# #........
#.##...### #r.# #........ # ##.##
#@## #........ #.# #h# #........
#.# #g# #........ ##'## #.#
#........ ##...## #.# #........
##.....## ##.# ####.####
##†......## ##..# #..##
#.........####...###########...##
+.........g......................


You could see a jackal (ally target), a goblin and a friendly quokka (summoned).

Vanquished Creatures
  A bat (D:1)
1 creature vanquished.

Vanquished Creatures (collateral kills)
  An endoplasm (D:1)
  3 jackals (D:1)
  2 kobolds (D:1)
  A ball python (D:1)
  2 goblins (D:1)
  A rat (D:1)
10 creatures vanquished.

Grand Total: 11 creatures vanquished

Notes
Turn   | Place    | Note
-------+----------+-------------------------------------------
     0 | D:1      | croobank the Felid Summoner began the quest for the Orb.
     0 | D:1      | Reached XP level 1. HP: 7/7 MP: 4/4
   331 | D:1      | Found a faded altar of an unknown god.
   791 | D:1      | Reached XP level 2. HP: 11/11 MP: 3/6
   873 | D:1      | Slain by a jackal

Illustrated notes

Levels and vault maps discovered:
D:1:      dpeg_arrival_castle, layout_loops_corners, basic_ecumenical_altar,
          amethyst_killhole

Skill      XL: |  1 |
---------------+----+-----
Stealth        | 3 |  3.1
Dodging        | 3 |  3.1
Spellcasting   | |  2.2
Summonings     | |  4.1

Action                   || total
-------------------------++-------
Melee: Unarmed           ||     5
 Cast: Summon Small Mamm ||    27
Armor: Skin              ||     3
Dodge: Dodged            ||    31
